Map: Ruins of Endion

Players

Tieron

  • Race: Protoss Protoss
  • Spawn Location: 5:00

Fropez - Winner!

  • Race: Protoss Protoss
  • League: Silver
  • Spawn Location: 7:00

VOD

Have the link to the VOD?

Description

Time

  • Played on: June 20, 2016, 2:48 p.m.
  • Length: 6:59
Show
View Real Time Build Order
Export as new Build Order

Tieron Protoss 

Build Orders:  

Get SALT Encoding   

  12  0:01  Probe (Chrono Boost)  
  13  0:14  Pylon  
  13  0:18  Probe (Chrono Boost)  
  14  0:37  Gateway  
  14  0:49  Gateway  
  14  0:53  Probe (Chrono Boost)  
  15  1:03  Probe (Chrono Boost)  
  16  1:20  Probe (Chrono Boost)  
  17  1:29  Cybernetics Core  
  17  1:31  Probe (Chrono Boost)  
  18  1:43  Assimilator  
  18  1:46  Zealot  
  20  1:47  Zealot  
  22  2:12  Probe (Chrono Boost)  
  23  2:31  Nexus  
  23  2:36  Pylon  
  23  2:46  Assimilator  
  23  2:50  Warp Gate (Chrono Boost)  
  23  2:54  Zealot x2  
  27  2:59  Forge  
  27  3:03  Pylon  
  27  3:09  Pylon  
  27  3:11  Probe  
  28  3:23  Probe  
  27  3:36  Stalker  
  27  3:37  Stalker  
  29  3:43  Probe  
  30  3:49  Protoss Ground Weapons Level 1  
  30  3:53  Probe  
  31  4:03  Probe  
  31  4:04  Probe  
  31  4:14  Probe  
  26  4:32  Probe  
  25  4:38  Stalker  
  25  4:39  Stalker  
  17  5:13  Stalker x2  
  17  5:28  Probe  
  17  5:31  Probe  
  17  5:38  Stalker x2  
  17  5:41  Probe x2  
  13  5:44  Gateway  
  12  5:53  Probe  
  12  6:05  Probe  
  12  6:13  Stalker  
  13  6:27  Probe  
Show
View Real Time Build Order
Export as new Build Order

Fropez Protoss - Winner!

Build Orders:  

Get SALT Encoding   

  12  0:01  Probe (Chrono Boost)  
  13  0:19  Pylon  
  13  0:22  Probe (Chrono Boost)  
  14  0:32  Probe (Chrono Boost)  
  15  0:40  Gateway  
  15  0:43  Probe (Chrono Boost)  
  16  0:53  Probe (Chrono Boost)  
  18  1:04  Probe (Chrono Boost), Gateway  
  18  1:15  Probe (Chrono Boost)  
  18  1:17  Pylon  
  19  1:21  Assimilator  
  19  1:28  Pylon  
  19  1:32  Probe (Chrono Boost)  
  19  1:42  Cybernetics Core  
  19  1:44  Probe (Chrono Boost)  
  20  1:54  Probe (Chrono Boost)  
  21  2:04  Assimilator  
  21  2:05  Probe (Chrono Boost)  
  23  2:15  Probe (Chrono Boost)  
  23  2:16  Pylon  
  23  2:19  Adept x2  
  27  2:34  Warp Gate (Chrono Boost)  
  27  2:37  Probe (Chrono Boost)  
  28  2:46  Adept x2  
  32  2:52  Probe  
  33  3:07  Pylon, Probe  
  34  3:13  Adept x2  
  40  3:41  Adept x2  
  42  3:50  Probe  
  43  3:57  Nexus  
  43  4:12  Probe  
  44  4:21  Pylon  
  42  4:24  Probe  
  41  5:05  Pylon  
  41  5:11  Mothership Core  
  41  5:12  Pylon  
  41  5:13  Probe  
  40  5:28  Adept x2  
  40  5:31  Gateway  
  40  5:34  Gateway x2  
  40  5:35  Probe  
  45  5:42  Stargate  
  45  5:43  Probe  
  44  5:52  Gateway  
  44  5:55  Adept x2  
  44  5:56  Forge  
  46  6:05  Assimilator  
  46  6:08  Probe (Chrono Boost)  
  46  6:10  Assimilator  
  47  6:18  Adept x2, Gateway  
  51  6:19  Gateway  
  51  6:23  Phoenix (Chrono Boost)  
  51  6:36  Probe  
  52  6:40  Adept x4  
Tags
 
League
Silver
Matchup
PvP
Replay Pack
All Mines
Spawn Locations
Close Positions
Add a new tag
Caveats
  • Supply blocks, unpowered buildings, or Contaminate may cause inaccurate times.
  • Supply counts are checked every 10 seconds.